% Time on Ice - ANCHORAGE ACES
Lines # - Real PCT - Wanted PCT - Time Play
Normal Forward
1 - 34% - 36% - 18:39
2 - 33% - 33% - 18:11
3 - 28% - 28% - 15:04
4 - 5% - 3% - 2:36
Normal Defense
1 - 34% - 36% - 18:23
2 - 34% - 31% - 18:25
3 - 26% - 23% - 14:10
4 - 6% - 10% - 3:32
PP Forward
1 - 45% - 55% - 2:28
2 - 55% - 45% - 3:02
PP Defense
1 - 55% - 55% - 3:02
2 - 45% - 45% - 2:28
PK Forward
1 - 0% - 55%
2 - 0% - 45%
PK Defense
1 - 0% - 55%
2 - 0% - 45%
PK3 Forward
1 - 0% - 55%
2 - 0% - 45%
PK3 Defense
1 - 0% - 55%
2 - 0% - 45%
44 Forward
1 - 100% - 55% - 0:27
2 - 0% - 45% - 0:00
44 Defense
1 - 100% - 55% - 0:27
2 - 0% - 45% - 0:00
Last Minute Offensive  - 0:00
Last Minute Defensive  - 0:00
Total
Forward - 60:27
Defense - 60:27
% Time on Ice - PORTLAND PIRATES
Lines # - Real PCT - Wanted PCT - Time Play
Normal Forward
1 - 33% - 33% - 18:10
2 - 35% - 33% - 18:49
3 - 21% - 22% - 11:38
4 - 11% - 12% - 5:53
Normal Defense
1 - 33% - 34% - 18:05
2 - 36% - 34% - 19:38
3 - 21% - 22% - 11:20
4 - 10% - 10% - 5:27
PP Forward
1 - 0% - 60%
2 - 0% - 40%
PP Defense
1 - 0% - 60%
2 - 0% - 40%
PK Forward
1 - 61% - 60% - 3:21
2 - 39% - 40% - 2:09
PK Defense
1 - 50% - 60% - 2:46
2 - 50% - 40% - 2:44
PK3 Forward
1 - 93% - 55% - 0:25
2 - 7% - 45% - 0:02
PK3 Defense
1 - 93% - 55% - 0:25
2 - 7% - 45% - 0:02
44 Forward
1 - 0% - 55%
2 - 0% - 45%
44 Defense
1 - 0% - 55%
2 - 0% - 45%
Last Minute Offensive  - 0:00
Last Minute Defensive  - 0:00
Total
Forward - 60:27
Defense - 60:27
Play-by-Play 1st period 0:01 of 1st period - Mika Zibanejad wins face-off versus Connor McDavid in neutral zone. 0:35 of 1st period - Shot by Mika Zibanejad. 0:35 of 1st period - Shot Blocked by Seth Jones. 1:28 of 1st period - Robert Thomas is hit by Seth Jones and loses puck. 1:34 of 1st period - Robert Thomas is hit by Seth Jones and loses puck. 1:37 of 1st period - Shot by Travis Konecny. 1:37 of 1st period - Shot Misses the Net. 1:39 of 1st period - Shot by Robert Thomas. 1:39 of 1st period - Shot Misses the Net. 2:15 of 1st period - Alec Martinez is hit by Nathan MacKinnon and loses puck. 2:44 of 1st period - Shot by Phillip Danault. 2:44 of 1st period - Stopped by Martin Jones without a rebound. 2:45 of 1st period - Mika Zibanejad wins face-off versus Erik Haula in PORTLAND PIRATES zone. 2:45 of 1st period - Mika Zibanejad is hit by Sheldon Dries. 4:02 of 1st period - Shot by Travis Konecny. 4:02 of 1st period - Shot Blocked by Filip Hronek. 5:22 of 1st period - Shot by Seth Jones. 5:22 of 1st period - Stopped by Martin Jones without a rebound. 5:23 of 1st period - Mika Zibanejad wins face-off versus Nathan MacKinnon in PORTLAND PIRATES zone. 5:23 of 1st period - Mika Zibanejad is hit by Ryan Lomberg. 5:28 of 1st period - Off-side. 5:29 of 1st period - Mika Zibanejad wins face-off versus Nathan MacKinnon in neutral zone. 6:08 of 1st period - Shot by Thomas Chabot. 6:08 of 1st period - Stopped by Darcy Kuemper without a rebound. 6:09 of 1st period - Robert Thomas wins face-off versus Phillip Danault in ANCHORAGE ACES zone. 6:34 of 1st period - Shot by Conor Sheary. 6:34 of 1st period - Shot Misses the Net. 6:36 of 1st period - Shot by Filip Hronek. 6:36 of 1st period - Shot Misses the Net. 6:54 of 1st period - Shot by Nikolaj Ehlers. 6:54 of 1st period - Stopped by Martin Jones without a rebound. 6:55 of 1st period - Sam Steel wins face-off versus Connor McDavid in PORTLAND PIRATES zone. 7:29 of 1st period - Shot by Michael Amadio. 7:29 of 1st period - Stopped by Darcy Kuemper with a rebound. 7:31 of 1st period - Shot by William Carrier. 7:31 of 1st period - Stopped by Darcy Kuemper without a rebound. 7:32 of 1st period - Erik Haula wins face-off versus Mika Zibanejad in ANCHORAGE ACES zone. 8:24 of 1st period - Icing by Thomas Chabot. 8:25 of 1st period - Phillip Danault wins face-off versus Mika Zibanejad in PORTLAND PIRATES zone. 8:53 of 1st period - Shot by Phillip Danault. 8:53 of 1st period - Shot Misses the Net. 9:11 of 1st period - Shot by Nikolaj Ehlers. 9:11 of 1st period - Stopped by Martin Jones without a rebound. 9:12 of 1st period - Sam Steel wins face-off versus Connor McDavid in PORTLAND PIRATES zone. 9:12 of 1st period - Sam Steel is hit by Nathan MacKinnon. 10:05 of 1st period - Off-side. 10:06 of 1st period - Robert Thomas wins face-off versus Erik Haula in neutral zone. 10:25 of 1st period - Shot by Chris Kreider. 10:25 of 1st period - Stopped by Martin Jones without a rebound. 10:26 of 1st period - Phillip Danault wins face-off versus Robert Thomas in PORTLAND PIRATES zone. 10:52 of 1st period - Shot by Travis Konecny. 10:52 of 1st period - Shot Misses the Net. 10:54 of 1st period - Shot by Alec Martinez. 10:54 of 1st period - Shot Blocked by Ryan Pulock. 10:56 of 1st period - Shot by Travis Konecny. 10:56 of 1st period - Stopped by Darcy Kuemper without a rebound. 10:57 of 1st period - Erik Haula wins face-off versus Chandler Stephenson in ANCHORAGE ACES zone. 11:05 of 1st period - Icing by Chandler Stephenson. 11:06 of 1st period - Connor McDavid wins face-off versus Chandler Stephenson in PORTLAND PIRATES zone. 11:17 of 1st period - Yanni Gourde is hit by Nathan MacKinnon. 12:19 of 1st period - Minor Penalty to Robert Thomas for Hooking. 12:20 of 1st period - Phillip Danault wins face-off versus Michael McLeod in PORTLAND PIRATES zone. 12:26 of 1st period - Chris Kreider is hit by Marc Staal and loses puck. 12:29 of 1st period - Shot by Phillip Danault. 12:29 of 1st period - Stopped by Martin Jones without a rebound. 12:30 of 1st period - Connor McDavid wins face-off versus Nathan Bastian in PORTLAND PIRATES zone. 14:00 of 1st period - Shot by Phillip Danault. 14:00 of 1st period - Stopped by Martin Jones with a rebound. 14:26 of 1st period - Shot by Travis Konecny. 14:26 of 1st period - Stopped by Darcy Kuemper without a rebound. 14:27 of 1st period - Robert Thomas wins face-off versus Phillip Danault in ANCHORAGE ACES zone. 14:32 of 1st period - Shot by Robert Thomas. 14:32 of 1st period - Shot Misses the Net. 14:34 of 1st period - Shot by Robert Thomas. 14:34 of 1st period - Stopped by Darcy Kuemper without a rebound. 14:35 of 1st period - Erik Haula wins face-off versus Pavel Zacha in ANCHORAGE ACES zone. 14:54 of 1st period - Shot by Chris Kreider. 14:54 of 1st period - Stopped by Martin Jones with a rebound. 14:56 of 1st period - Shot by Chris Kreider. 14:56 of 1st period - Shot Misses the Net. 15:21 of 1st period - Icing by Brett Pesce. 15:22 of 1st period - Robert Thomas wins face-off versus Phillip Danault in PORTLAND PIRATES zone. 15:22 of 1st period - Robert Thomas is hit by Conor Sheary. 16:35 of 1st period - Shot by Connor McDavid. 16:35 of 1st period - Shot Misses the Net. 17:21 of 1st period - Shot by Chris Kreider. 17:21 of 1st period - Goal by Chris Kreider - ANCHORAGE ACES : 1 - PORTLAND PIRATES : 0. 17:22 of 1st period - Phillip Danault wins face-off versus Robert Thomas in neutral zone. 19:29 of 1st period - Shot by Chris Kreider. 19:29 of 1st period - Shot Misses the Net. 19:47 of 1st period - Shot by Chris Kreider. 19:47 of 1st period - Shot Misses the Net. 19:49 of 1st period - Shot by Ryan Pulock. 19:49 of 1st period - Shot Misses the Net. 19:55 of 1st period - Shot by Chris Kreider. 19:55 of 1st period - Stopped by Martin Jones without a rebound. 19:56 of 1st period - Connor McDavid wins face-off versus Mika Zibanejad in PORTLAND PIRATES zone. Goals for this period are 1 for ANCHORAGE ACES vs 0 for PORTLAND PIRATES. Shots for this period are 10 for ANCHORAGE ACES vs 6 for PORTLAND PIRATES. 2nd period 0:01 of 2nd period - Connor McDavid wins face-off versus Sam Steel in neutral zone. 0:17 of 2nd period - Shot by Nathan MacKinnon. 0:17 of 2nd period - Shot Blocked by Michael Amadio. 0:24 of 2nd period - Icing by Travis Hamonic. 0:25 of 2nd period - Erik Haula wins face-off versus Sam Steel in PORTLAND PIRATES zone. 1:35 of 2nd period - Icing by Filip Hronek. 1:36 of 2nd period - Chandler Stephenson wins face-off versus Erik Haula in ANCHORAGE ACES zone. 1:37 of 2nd period - Shot by Mika